 Dungeon Sprint DCSS version 0.19.0-24-gb05acd6 (webtiles) character file.

7101 Groucho the Imperceptible (level 10, -4/55 HPs)
             Began as a Felid Berserker on Nov 21, 2016.
             Was the Champion of Trog.
             Splashed by an oklob plant's acid (13 damage)
             ... in the Dungeon (Sprint IV: "Fedhas' Mad Dash") on Nov 22, 2016.
             The game lasted 00:14:59 (4787 turns).

Groucho the Imperceptible (Felid Berserker)         Turns: 4787, Time: 00:14:59

Health: -4/55      AC: -6    Str: 13    XL:     10   Next: 84%
Magic:  21/21      EV: 33    Int:  9    God:    Trog [******]
Gold:   364        SH:  0    Dex: 19    Spells: 0 memorised, 9 levels left
                                        Lives:  0   Deaths: 2

rFire  . . .     SeeInvis +       - Unarmed
rCold  . . .     Gourm    .     (armour unavailable)
rNeg   . . .     Faith    .     (shield unavailable)
rPois  .         Spirit   .     (helmet unavailable)
rElec  .         Reflect  .     (cloak unavailable)
rCorr  .         Harm     .     (gloves unavailable)
MR     +++..     NoTele   +     (boots unavailable)
Stlth  +++++++++.               d - amulet of invisibility {+Inv}
                                (no ring)
                                (no ring)

@: corroded, very slightly contaminated, regenerating, quick
A: no armour, no weapons or thrown items, stealth, claws 1, fangs 3, see
invisible, carnivore 3, speed 1, shaggy fur 2, slow metabolism 1, sharp paws
a: Berserk, Trog's Hand, Brothers in Arms, Burn Spellbooks, Renounce Religion,
Evoke Invisibility


You were in the Dungeon.
You worshipped Trog.
Trog was exalted by your worship.
You were not hungry.

You visited 1 branch You collected 455 gold pieces.
You spent 91 gold pieces at shops.

Inventory:

Jewellery
 b - the amulet of Wuhes {Gourm MR+++ Str+5 Slay-2}
   (You found it in the Dungeon)

   [amulet of the gourmand]

   It allows you to eat raw meat even when not hungry.
   It affects your strength (+5).
   It affects your accuracy and damage with ranged weapons and melee attacks
   (-2).
   It affects your resistance to hostile enchantments.
 d - the amulet of invisibility (around neck) {+Inv}
   (You found it in the Dungeon)

   [amulet of nothing]

   It lets you turn invisible.
Scrolls
 c - a scroll of immolation
 f - a scroll of recharging {unknown}
 g - a scroll of blinking
 j - a scroll of remove curse {unknown}
Potions
 a - a potion of lignification {unknown}
 e - 2 potions of magic
 h - 2 potions of agility {unknown}
Comestibles
 k - 4 royal jellies


   Skills:
 * Level 13.2 Fighting
 * Level 16.6 Dodging
 * Level 21.7 Stealth
 * Level 13.3 Unarmed Combat
 - Level 13.7 Evocations


You had 9 spell levels left.
You didn't know any spells.

Dungeon Overview and Level Annotations

Branches:
Dungeon (1/1)

Altars:
Cheibriados
Dithmenos
Elyvilon
Gozag
Hepliaklqana
Kikubaaqudgha
Makhleb
Nemelex Xobeh
Okawaru
Qazlal
Ru
Sif Muna
Trog
Uskayaw
Vehumet
Xom
Yredelemnul
Zin
The Shining One
Beogh
Jiyva
Lugonu

Shops:
D =[==[!}=[?:(*:?*[(!(*

Annotations:
D exclusion: 5 oklob plants


Innate Abilities, Weirdness & Mutations

You cannot wear armour.
You are incapable of wielding weapons or throwing items.
Your paws allow you to move quietly. (Stealth)
You have sharp claws.
You have razor-sharp teeth.
You have supernaturally acute eyesight. (SInv)
You are carnivorous and can eat meat at any time.
You cover ground quickly.
You are covered in thick fur. (AC +2)
You have a slow metabolism.
Your sharp claws are effective at attacking unaware monsters.


Message History

You pounce on the helpless oklob plant from behind!
You eviscerate the oklob plant!!!
You destroy the oklob plant!
Trog accepts your kill.
Unknown command.
You catch the helpless oklob plant completely off-guard!
You eviscerate the oklob plant!!!
You destroy the oklob plant!
Trog accepts your kill.
You flicker back into view.
The oklob plant spits acid at you. The splash of acid misses you.
The oklob plant spits acid at you. The splash of acid hits you!
The acid corrodes you!
You are splashed with acid!
The acid burns!
The oklob plant spits acid at you. The splash of acid hits you!
* * * LOW HITPOINT WARNING * * *
You are splashed with acid!
The acid burns!
You die...

()(..((...♣.....∩.∩..)|#
...##################### ####
####### #######
.#####..P∩∩###....)###
.'........)##...P.)'.#
.#####P....'......=### .#
##################
.#####∩∩∩#........P.P.#********
.'....∩.∩'......@.....+,,,,,,,*
.#####∩∩∩#.......P.P.P#******,*
##***##################******,*
*,,*,,*,,*,,*,,*,,*,,*,,*,,*,,*
,,,,,,,,,,,,,,,,,,,,,,,,,,,,,,*
*,,*,,*,,*,,*,,*,,*,,*,,*,,*,,*
*******************************
,,,,,*****,,,,******,,,,,,****
,,,,,,,,,,,,,,,,,,,,,,,,,,,,,**


You could see 5 oklob plants.

Vanquished Creatures
  A ghost moth (D)
  A spriggan defender (D)
  A spriggan berserker (D)
  3 spriggans (D)
  A spriggan druid (D)
  18 oklob plants (D)
  2 demonic crawlers (D)
  3 wandering mushrooms (D)
  A queen bee (D)
  3 burning bushes (D)
  3 hornets (D)
  5 oklob saplings (D)
  4 killer bees (D)
  A scorpion (D)
  2 worker ants (D)
  A river rat (D)
  A rat (D)
  2 ballistomycetes (D)
  2 fungi (D)
55 creatures vanquished.

Vanquished Creatures (collateral kills)
  Agnes (D)
  A spriggan berserker (D)
  A demonic crawler (D)
  3 hornets (D)
  A scorpion (D)
  5 spriggans (D)
  A ballistomycete (D)
  2 ballistomycete spores (D)
  A bush (D)
16 creatures vanquished.

Vanquished Creatures (others)
  2 ballistomycetes (D)
2 creatures vanquished.

Grand Total: 73 creatures vanquished

Notes
Turn   | Place    | Note
-------+----------+-------------------------------------------
     0 | D        | Groucho the Felid Berserker began the quest for the Orb.
     0 | D        | Reached XP level 1. HP: 10/10 MP: 2/2
    13 | D        | Reached skill level 5 in Stealth
    13 | D        | Reached XP level 2. HP: 14/14 MP: 3/3
    14 | D        | Reached skill level 6 in Stealth
   180 | D        | Noticed an oklob sapling
   200 | D        | Reached ** piety under Trog
   200 | D        | Reached skill level 8 in Stealth
   200 | D        | Reached XP level 3. HP: 11/17 MP: 4/4
   785 | D        | Found an opulent altar of Gozag.
   785 | D        | Found a hazy altar of Hepliaklqana.
   785 | D        | Found a roughly hewn altar of Beogh.
   785 | D        | Found a snail-covered altar of Cheibriados.
   786 | D        | Found a viscous altar of Jiyva.
   786 | D        | Found a burning altar of Makhleb.
   786 | D        | Found a sparkling altar of Nemelex Xobeh.
   786 | D        | Found a sacrificial altar of Ru.
   786 | D        | Found a deep blue altar of Sif Muna.
   786 | D        | Found a bloodstained altar of Trog.
   786 | D        | Found a shimmering altar of Xom.
   786 | D        | Found a basalt altar of Yredelemnul.
   786 | D        | Noticed an oklob sapling priest
   787 | D        | Found an iron altar of Okawaru.
   787 | D        | Found a shadowy altar of Dithmenos.
   787 | D        | Found a glowing silver altar of Zin.
   788 | D        | Found an ancient bone altar of Kikubaaqudgha.
   788 | D        | Found a hide-covered altar of Uskayaw.
   789 | D        | Found a stormy altar of Qazlal.
   789 | D        | Found a white marble altar of Elyvilon.
   789 | D        | Found a glowing golden altar of the Shining One.
   790 | D        | Found a corrupted altar of Lugonu.
   790 | D        | Found a radiant altar of Vehumet.
   793 | D        | Killed an oklob sapling priest
   793 | D        | Reached skill level 11 in Stealth
   793 | D        | Reached XP level 4. HP: 21/21 MP: 2/5
   804 | D        | Reached skill level 12 in Stealth
  1139 | D        | Reached XP level 5. HP: 24/24 MP: 3/8
  1147 | D        | Reached *** piety under Trog
  1147 | D        | Reached skill level 5 in Evocations
  1437 | D        | Noticed a queen bee
  1445 | D        | Reached skill level 13 in Stealth
  1450 | D        | Killed a queen bee
  1450 | D        | Reached skill level 14 in Stealth
  1450 | D        | Reached skill level 10 in Evocations
  1450 | D        | Gained mutation: You are covered in thick fur. (AC +2) [Felid growth]
  1450 | D        | Reached XP level 6. HP: 28/28 MP: 9/14
  1462 | D        | Reached **** piety under Trog
  1462 | D        | Reached XP level 7. HP: 31/31 MP: 10/16
  1468 | D        | Reached skill level 15 in Stealth
  1697 | D        | Noticed an oklob plant
  1699 | D        | Killed an oklob plant
  1714 | D        | Noticed a burning bush
  1717 | D        | Killed a burning bush
  1717 | D        | Reached skill level 5 in Fighting
  1717 | D        | Reached skill level 16 in Stealth
  1717 | D        | Reached skill level 5 in Unarmed Combat
  1717 | D        | Reached XP level 8. HP: 37/37 MP: 16/18
  1951 | D        | Noticed a burning bush
  1951 | D        | Noticed an oklob plant
  1952 | D        | Noticed a wandering mushroom
  1953 | D        | Killed a burning bush
  1953 | D        | Reached ***** piety under Trog
  1958 | D        | Killed an oklob plant
  1962 | D        | Killed a wandering mushroom
  1962 | D        | Reached XP level 9. HP: 42/42 MP: 17/19
  2096 | D        | Noticed a spriggan druid
  2097 | D        | Killed a spriggan druid
  2097 | D        | Reached skill level 17 in Stealth
  2114 | D        | Noticed an oklob plant conjurer
  2115 | D        | Killed an oklob plant conjurer
  2115 | D        | Reached skill level 10 in Dodging
  2568 | D        | Noticed an oklob plant
  2569 | D        | Noticed an oklob plant shifter
  2569 | D        | Noticed an oklob plant summoner
  2573 | D        | Killed an oklob plant
  2575 | D        | Killed an oklob plant summoner
  2578 | D        | Killed an oklob plant shifter
  2578 | D        | Reached ****** piety under Trog
  2584 | D        | Noticed a demonic crawler
  2586 | D        | Killed a demonic crawler
  2586 | D        | Reached skill level 18 in Stealth
  2586 | D        | Reached XP level 10. HP: 49/49 MP: 19/21
  2680 | D        | Found Fafar's Magic Scroll Shop.
  2680 | D        | Found Singing's Book Emporium.
  2993 | D        | Found Cousigoe's Weapon Shoppe.
  2994 | D        | Found Ecraih's Distillery.
  3085 | D        | Noticed a spriggan rider
  3086 | D        | Found Wacesein's Antique Weapon Emporium.
  3091 | D        | Found Ynkihyh's General Store.
  3099 | D        | Killed a spriggan rider
  3143 | D        | Bought a slice of pizza for 15 gold pieces
  3210 | D        | Noticed Agnes
  3232 | D        | Noticed a spriggan berserker
  3234 | D        | Killed a spriggan berserker
  3234 | D        | Reached skill level 10 in Fighting
  3234 | D        | Reached skill level 10 in Unarmed Combat
  3239 | D        | Killed Agnes
  3239 | D        | Reached skill level 19 in Stealth
  3297 | D        | Found Idghuc Minka's Assorted Antiques.
  3299 | D        | Found Cunk's Antique Armour Shoppe.
  3302 | D        | Noticed a spriggan defender
  3309 | D        | Killed a spriggan defender
  3309 | D        | Reached XP level 11. HP: 55/55 MP: 22/22
  3333 | D        | Noticed a spriggan rider
  3358 | D        | Killed a spriggan rider
  3385 | D        | Noticed a ghost moth
  3394 | D        | Found Deroapha's Jewellery Shoppe.
  3394 | D        | Found Laniesi's Antique Armour Boutique.
  3394 | D        | Found Omeufach's Jewellery Emporium.
  3403 | D        | HP: 1/55 [demonic crawler (5)]
  3403 | D        | Slain by a demonic crawler
  3404 | D        | Reached XP level 10. HP: -3/52 MP: 21/21
  3404 | D        | Noticed an oklob plant shifter
  3404 | D        | Noticed an oklob plant meteorologist
  3409 | D        | Killed an oklob plant shifter
  3409 | D        | Reached skill level 20 in Stealth
  3419 | D        | Killed an oklob plant meteorologist
  3427 | D        | Noticed a spriggan rider
  3443 | D        | HP: 1/53 [poisoned by a spriggan rider]
  3448 | D        | HP: 1/53 [poisoned by a spriggan rider]
  4007 | D        | Found Cusish's Armour Shoppe.
  4007 | D        | Found Pagoib's Jewellery Shop.
  4007 | D        | Found Tibb's Gadget Shoppe.
  4008 | D        | Found Osilo's Magic Scroll Emporium.
  4008 | D        | Found Poidyzyd's Distillery.
  4008 | D        | Found Hoyqaek's Jewellery Emporium.
  4008 | D        | Found Gipipt's Book Shop.
  4008 | D        | Found Gidixaypn's Armour Boutique.
  4032 | D        | Bought a scroll of magic mapping for 38 gold pieces
  4032 | D        | Bought a scroll of immolation for 38 gold pieces
  4049 | D        | Noticed an oklob plant summoner
  4055 | D        | Found Neiptou's Weapon Emporium.
  4056 | D        | Found Athroar's Assorted Antiques.
  4061 | D        | Killed an oklob plant summoner
  4067 | D        | Noticed an oklob plant annihilator
  4068 | D        | Noticed an oklob plant demonologist
  4068 | D        | Noticed a spriggan berserker
  4074 | D        | Killed an oklob plant annihilator
  4074 | D        | Reached skill level 15 in Dodging
  4076 | D        | Killed an oklob plant demonologist
  4077 | D        | Killed a spriggan berserker
  4088 | D        | Got a flickering pewter amulet
  4092 | D        | Identified the amulet of Wuhes {Gourm MR+++ Str+5 Slay-2} (You found it in the Dungeon)
  4132 | D        | Noticed an oklob plant
  4132 | D        | Noticed an oklob plant
  4132 | D        | Noticed an oklob plant
  4132 | D        | Noticed an oklob plant
  4132 | D        | Noticed an oklob plant
  4132 | D        | Noticed an oklob plant
  4137 | D        | Noticed an oklob plant
  4138 | D        | Killed an oklob plant
  4138 | D        | Reached XP level 11. HP: 42/57 MP: 19/22
  4139 | D        | Noticed an oklob plant
  4143 | D        | Killed an oklob plant
  4143 | D        | Reached skill level 21 in Stealth
  4144 | D        | Noticed an oklob plant
  4150 | D        | Killed an oklob plant
  4151 | D        | Noticed an oklob plant
  4156 | D        | Killed an oklob plant
  4156 | D        | Splashed by an oklob plant's acid
  4157 | D        | Reached XP level 10. HP: -4/54 MP: 21/21
  4222 | D        | Killed a ghost moth
  4777 | D        | Noticed an oklob plant
  4780 | D        | Killed an oklob plant
  4781 | D        | Noticed an oklob plant
  4784 | D        | Killed an oklob plant
  4786 | D        | Killed an oklob plant
  4787 | D        | Splashed by an oklob plant's acid

Skill      XL: |  1  2  3  4  5  6  7  8  9 10 11 |
---------------+----------------------------------+-----
Stealth        | 5 8 11 12 14 16 18 20 21 | 21.7
Evocations     | 3 10 12 13 | 13.7
Fighting       | 5 6 8 13 | 13.2
Dodging        | 6 8 11 16 14 | 16.6
Unarmed Combat | 5 6 8 13 | 13.3

Action                   |  1- 3 |  4- 6 |  7- 9 | 10-12 || total
-------------------------+-------+-------+-------+-------++-------
Melee: Unarmed           |    22 |    27 |    22 |    76 ||   147
       Punch             |     2 |       |       |     9 ||    11
       Bite              |     1 |     3 |       |    11 ||    15
Invok: Berserk           |     1 |     1 |       |     4 ||     6
       Trog's Hand       |       |     1 |       |     7 ||     8
       Brothers in Arms  |       |       |     1 |     9 ||    10
 Abil: Evoke Invisibilit |     2 |     2 |     4 |     8 ||    16
  Use: Potion            |     2 |       |       |     2 ||     4
       Scroll            |       |       |       |     3 ||     3
 Stab: Sleeping          |     1 |     2 |    12 |    11 ||    26
       Invisible         |       |     4 |     1 |    12 ||    17
       Distracted        |       |       |       |     1 ||     1
  Eat: Meat ration       |       |     1 |       |       ||     1
       Royal jelly       |       |       |     2 |     3 ||     5
       Pizza             |       |       |       |     1 ||     1
       Chunk             |       |       |       |     1 ||     1
Armor: Skin              |       |     1 |       |     1 ||     2
Dodge: Dodged            |    13 |    33 |     7 |    59 ||   112
